 Seeded DCSS version 0.29-a0-653-gd47aff6735 (webtiles) character file.

Game seed: 10802498693541890562 (custom seed)

3384 wilfster70 the Skirmisher (level 10, -23/72 HPs)
             Began as a Djinni Ice Elementalist on June 21, 2022.
             Was a Follower of Makhleb.
             Annihilated by a two-headed ogre
             ... wielding a +0 giant club
              (30 damage)
             ... on level 7 of the Dungeon.
             The game lasted 00:27:49 (9955 turns).

wilfster70 the Skirmisher (Djinni Ice Elementalist) Turns: 9955, Time: 00:27:49

Health: -23/72     AC:  7    Str:  7    XL:     10   Next: 24%
Gold:   425        EV: 14    Int: 20    God:    Makhleb [*.....] SH: 11 Dex: 21

rFire   + + .      SeeInvis .   a - +1 fustibalus (freeze)
rCold   x . .      Faith    .   w - +0 kite shield
rNeg    . . .      Spirit   .   p - +2 animal skin
rPois   ∞          Reflect  .   q - +2 helmet
rElec   .          Harm     .   (no cloak)
rCorr   .          Rampage  .   (no gloves)
Will    +....                   (boots unavailable)
Stlth   ++........              (no amulet)
HPRegen 0.22/turn               x - +6 ring of dexterity
MPRegen 0.00/turn               (no ring)

@: flying
A: sickness immunity, fire resistance 2, cold vulnerability 1, float, innate
caster, HP casting, extra vitality 1
a: Renounce Religion


You were on level 7 of the Dungeon.
You worshipped Makhleb.
Makhleb was aware of your devotion.
You visited 2 branches of the dungeon, and saw 9 of its levels.
You also visited: Sewer.

You collected 425 gold pieces.

Inventory:

Hand Weapons
 a - a +1 fustibalus of freezing (weapon)
Missiles
 b - 5 curare-tipped darts
Armour
 p - a +2 animal skin (worn)
 q - a +2 helmet (worn)
 w - a +0 kite shield (worn)
Jewellery
 x - a +6 ring of dexterity (left hand)
Wands
 c - a wand of quicksilver (10)
 z - a wand of polymorph (2)
Scrolls
 d - 2 scrolls of fog {unknown}
 e - 5 scrolls of teleportation {unknown}
 g - a scroll of brand weapon {unknown}
 i - a scroll of silence {unknown}
 l - 7 scrolls of fear
 m - 2 scrolls of poison {unknown}
 o - a scroll of enchant weapon {unknown}
 s - a scroll of magic mapping {unknown}
 v - a scroll of enchant armour
 y - a scroll of vulnerability {unknown}
Potions
 f - 3 potions of haste
 h - 2 potions of invisibility
 j - 2 potions of berserk rage
 n - 2 potions of brilliance
 t - 2 potions of heal wounds
 u - 2 potions of lignification {unknown}
 A - a potion of curing


   Skills:
 - Level 6.2 Fighting
 - Level 4.0 Slings
 + Level 4.1 Armour
 - Level 6.0 Dodging
 - Level 1.7 Stealth
 - Level 6.0 Shields
 - Level 6.0 Spellcasting


You had one spell level left.
You knew the following spells:

 Your Spells              Type           Power      Damage    Failure   Level
a - Freeze                Ice            100%       1d11      2%          1
b - Frozen Ramparts       Ice            60%        1d8       7%          3
c - Ozocubu's Armour      Ice            30%        N/A       7%          3
d - Hailstorm             Conj/Ice       30%        3d8       24%         4
e - Apportation           Tloc           60%        N/A       2%          1
f - Passwall              Tmut/Erth      25%        N/A       3%          2
g - Ignite Poison         Fire/Tmut/Pois 30%        N/A       7%          3
h - Call Canine Familiar  Summ           30%        N/A       7%          3
Your spell library was empty.

Dungeon Overview and Level Annotations

Branches:
Dungeon (8/15)             Temple (1/1) D:5           Sewer (visited)
   Lair: D:8-11

Altars:
Ashenzari
Cheibriados
Makhleb
Nemelex Xobeh
Qazlal
Ru
Trog
Xom

Shops:
D:6 (

Annotations:
D:4 2 runed translucent doors, Menkaure; wilfster70's ghost, novice HOMo
D:7 exclusions: downstairs and kobold, Joseph


Innate Abilities, Weirdness & Mutations

You are immune to sickness and miasma.
You are immune to poison.
Your flesh is very heat resistant. (rF++)
You are vulnerable to cold. (rC-)
You float through the air rather than walking.
You learn spells naturally, not from books.
Your magical power is your life essence.
You have superior vitality. (+4 MHP)


Message History

The wall freezes the wyvern.
You block the wyvern's attack.
The wall freezes the wyvern.
You kill the wyvern!
Makhleb accepts your kill.
Your Armour skill increases to level 4!
No target in view!
The frozen ramparts melt away as you move.
You start resting.
HP restored.
There is a stone staircase leading down here.
There is a stone staircase leading down here.
You fly downwards.
The two-headed ogre hits you with a +0 giant club!!
The two-headed ogre misses you.
There is a stone staircase leading up here.
The two-headed ogre hits you with a +0 giant club! x2
* * * LOW HITPOINT WARNING * * *
The orc priest calls down the wrath of Beogh upon you.
Beogh smites you!
* * * LOW HITPOINT WARNING * * *
You fly upwards.
Level annotation: exclusions: downstairs and kobold, Joseph
There is a stone staircase leading down here.
As you read the scroll labelled TARCHY MIL JIY, it crumbles to dust.
You assume a fearsome visage.
The two-headed ogre looks frightened!
It was a scroll of fear.
Casting: Frozen Ramparts (dangerous; 7% risk of failure)
Confirm with . or Enter, or press ? or * to list all spells.
Casting: Frozen Ramparts (dangerous; 7% risk of failure)
Press: ? - help, Dir - look around, f - activate A stone staircase leading down.
The walls around you are covered in ice.
* * * LOW HITPOINT WARNING * * *
The wall freezes the two-headed ogre!
Your attack snaps the two-headed ogre out of its fear.
Your frozen ramparts will break if you move.
Continue?
The frozen ramparts melt away as you move.
The two-headed ogre barely misses you.
The two-headed ogre hits you with a +0 giant club!!
You die...

.............# #.##.#
.............# #.##.#
##.########### #.##.########
...# #......# #.##........#
#### #......# #.#########.#
#.....[# #.# #.# #......# #.#
#.# #######......####O# #.#
..[.............@># #.#
#####.#.....[##############.#
#.#..........[..........#
#.#.......###############
#.#......[# #.#......[# #
#.#######.# #####.#######.###
#...............#


You could see a two-headed ogre.

Vanquished Creatures
  Grinder (D:5)
  Sigmund (D:5)
  A wyvern (D:7)
  2 steam dragons (D:6)
  Edmund (D:4)
  A water moccasin (D:6)
  Duvessa (D:4)
  Pargi (D:3)
  A black bear (D:7)
  2 ice beasts (D:7)
  A phantom (D:6)
  A bullfrog (D:6)
  A kobold brigand (D:7)
  A necrophage (D:6)
  A gnoll sergeant (D:6)
  3 scorpions
  5 wights (D:7)
  Dowan (D:4)
  6 killer bees (D:7)
  A howler monkey (D:6)
  2 jellies
  4 hounds
  An orc priest (D:6)
  3 iguanas
  Ijyb (D:5)
  Terence (D:3)
  4 orc wizards
  Robin (D:2)
  8 gnolls (D:6)
  12 adders
  4 river rats (Sewer)
  A shadow imp (D:6)
  3 worms (D:2)
  2 dart slugs (D:5)
  15 orcs
  16 ball pythons
  6 bats
  12 endoplasms
  7 giant cockroaches
  6 hobgoblins
  5 jackals
  12 kobolds
  5 quokkas
  16 frilled lizards
  15 goblins
  7 rats
202 creatures vanquished.

Vanquished Creatures (others)
  An ufetubus (D:6)
  8 plants (D:3)
9 creatures vanquished.

Grand Total: 211 creatures vanquished

Notes
Turn   | Place    | Note
-------+----------+-------------------------------------------
     0 | D:1      | wilfster70 the Djinni Ice Elementalist began the quest for
                  | the Orb.
     0 | D:1      | wilfster70 set off with the following spells memorised:
                  | Freeze, Frozen Ramparts, Ozocubu's Armour, Hailstorm.
     0 | D:1      | Reached XP level 1. HP: 15/15 MP: 0/0
     5 | D:1      | Identified a scroll of acquirement
     5 | D:1      | Acquired a +1 fustibalus of freezing
   168 | D:1      | Reached XP level 2. HP: 21/21 MP: 0/0
   399 | D:1      | Reached XP level 3. HP: 24/25 MP: 0/0
   399 | D:1      | Learned a level 1 spell: Apportation
  1222 | D:1      | Found Resops's Armour Shop.
  1431 | D:2      | Noticed Robin
  1663 | D:2      | Reached XP level 4. HP: 27/31 MP: 0/0
  2128 | D:2      | Killed Robin
  2494 | D:2      | Reached XP level 5. HP: 31/35 MP: 0/0
  2494 | D:2      | Learned a level 2 spell: Passwall
  2723 | D:3      | Found a glowing drain.
  2727 | Sewer    | Entered a sewer
  2933 | Sewer    | Reached skill level 5 in Spellcasting
  3010 | D:3      | Noticed Terence
  3015 | D:3      | Killed Terence
  3016 | D:3      | Reached XP level 6. HP: 31/40 MP: 0/0
  3526 | D:3      | Found a faded altar of an unknown god.
  3554 | D:3      | Noticed Pargi
  3563 | D:3      | Killed Pargi
  3564 | D:3      | Reached skill level 1 in Slings
  3564 | D:3      | Reached XP level 7. HP: 36/45 MP: 0/0
  3564 | D:3      | Learned a level 3 spell: Ignite Poison
  4114 | D:4      | Noticed Edmund
  4128 | D:4      | Killed Edmund
  4364 | D:4      | Found a large runed translucent door.
  4364 | D:4      | Found a large runed translucent door.
  4366 | D:4      | Noticed wilfster70's ghost (novice HOMo)
  4402 | D:4      | Noticed Dowan
  4422 | D:4      | Noticed Duvessa
  4429 | D:4      | Killed Duvessa
  5009 | D:4      | Reached XP level 8. HP: 46/50 MP: 0/0
  5091 | D:4      | Killed Dowan
  5311 | D:4      | Noticed Menkaure
  5532 | D:5      | Entered Level 5 of the Dungeon
  5851 | D:5      | Noticed Sigmund
  5864 | D:5      | Killed Sigmund
  5865 | D:5      | Reached skill level 5 in Dodging
  6029 | D:5      | Noticed Grinder
  6042 | D:5      | Paralysed by Grinder for 5 turns
  6054 | D:5      | Paralysed by Grinder for 3 turns
  6067 | D:5      | Killed Grinder
  6329 | D:5      | Found a staircase to the Ecumenical Temple.
  6339 | Temple   | Entered the Ecumenical Temple
  6378 | Temple   | Became a worshipper of Makhleb the Destroyer
  6445 | D:5      | Noticed Ijyb
  6458 | D:5      | Killed Ijyb
  6771 | D:5      | Found a snail-covered altar of Cheibriados.
  6772 | D:5      | Found a stormy altar of Qazlal.
  6774 | D:5      | Found a shimmering altar of Xom.
  6774 | D:5      | Found a sparkling altar of Nemelex Xobeh.
  6869 | D:6      | Found Ysikh's Weapon Shop.
  6882 | D:6      | Reached XP level 9. HP: 50/61 MP: 0/0
  6882 | D:6      | Learned a level 3 spell: Call Canine Familiar
  7454 | D:6      | Reached skill level 5 in Fighting
  7785 | D:6      | Reached skill level 1 in Shields
  8162 | D:6      | Reached * piety under Makhleb
  8750 | D:7      | Reached skill level 5 in Shields
  8752 | D:7      | Reached XP level 10. HP: 36/72 MP: 0/0
  9039 | D:7      | Reached skill level 1 in Armour
  9435 | D:7      | Noticed Joseph
  9542 | D:8      | Noticed a two-headed ogre
  9546 | D:8      | Noticed a two-headed ogre
  9955 | D:7      | Annihilated by a two-headed ogre

Illustrated notes

Levels and vault maps discovered:
D:1:      kilobyte_arrival_exit_the_forest, layout_loops_ring, serial_shops,
          shop
D:2:      layout_basic, uniq_robin
D:3:      layout_loops_corners, hellmonk_ecumenical_altar_pennies_from_heaven,
          gup_sewer_entry_bowl, chequers_serial_rivers_micro_d,
          minmay_lizard_king, uniq_pargi, uniq_terence
D:4:      layout_loops_cross, ebering_ghost_disaster_area, abandoned_shop,
          chequers_serial_rivers_room_b, minmay_misc_feat_doors,
          hangedman_decor_slide_cut, uniq_edmund, uniq_duvessa, uniq_menkaure
D:5:      layout_basic, mainiacjoe_overflow_alcove_3, minmay_temple_entry_grid,
          uniq_ijyb, uniq_grinder, uniq_sigmund
D:6:      layout_layer_cave, serial_shops, shop, grunt_decor_clamped,
          wad_rectangle_vault
D:7:      layout_basic, uniq_joseph
D:8:      minmay_s_stair_smasher, layout_rooms, minmay_misc_feat_rows
Temple:   dpeg_five_rooms_temple

Skill      XL: |  1  2  3  4  5  6  7  8  9 10 |
---------------+-------------------------------+-----
Spellcasting   | 4 5 6 |  6.0
Slings         | 1 4 |  4.0
Dodging        | 6 |  6.0
Fighting       | 3 6 |  6.2
Shields        | 5 6 |  6.0
Armour         | 4 |  4.1
Stealth        | |  1.7

Action                   |  1- 3 |  4- 6 |  7- 9 | 10-12 || total
-------------------------+-------+-------+-------+-------++-------
 Fire: Fustibalus        |    69 |   113 |   239 |    47 ||   468
 Cast: Freeze            |     5 |       |       |       ||     5
       Frozen Ramparts   |     3 |    14 |    31 |    11 ||    59
       Ozocubu's Armour  |       |       |     2 |       ||     2
  Use: Scroll            |     1 |     4 |     4 |     3 ||    12
       Potion            |       |       |     1 |       ||     1
Armor: Robe              |     8 |     2 |       |       ||    10
       Animal skin       |       |    27 |    40 |     5 ||    72
Dodge: Dodged            |    29 |    43 |   128 |    18 ||   218
Block: Kite shield       |       |       |    29 |    33 ||    62

Table legend: (Time is in decaauts)
 A = Elapsed time spent in this place.
 B = Non-inter-level travel time spent in this place.
 C = Inter-level travel time spent in this place.
 D = Time resting spent in this place.
 E = Time spent auto-exploring this place.
 F = Levels seen in this place.
 G = Mean time per level.
                   A        B        C        D        E       F      G
               +--------+--------+--------+--------+--------+-----+--------+
         Total |  10198 |   9930 |    268 |   3224 |   3619 |  10 | 1019.8 |
       Dungeon |   9838 |   9603 |    235 |   3139 |   3619 |   8 | 1229.8 |
        Temple |     72 |     39 |     33 |      0 |      0 |   1 |   72.0 |
         Sewer |    287 |    287 |      0 |     85 |      0 |   1 |  287.0 |
               +--------+--------+--------+--------+--------+-----+--------+

Top non-repeatable levels by time:
     D:1: 1686 daAuts
     D:6: 1681 daAuts
     D:7: 1429 daAuts
     D:3: 1398 daAuts
     D:4: 1327 daAuts
     D:5: 1280 daAuts
     D:2: 972 daAuts
   Sewer: 287 daAuts
  Temple: 72 daAuts
     D:8: 61 daAuts
